 Dungeon Crawl Stone Soup version 0.24.0-37-gcf1ca852f1 (webtiles) character file.

Game seed: 12463890436562729732, levelgen mode: deterministic

3076 grindst0ne the Ducker (level 9, 0/71 HPs)
             Began as a Gnoll Wanderer on Nov 25, 2019.
             Was a Follower of Cheibriados.
             Slain by a wight
             ... wielding a +1 hand axe of freezing
              (8 damage)
             ... on level 8 of the Dungeon.
             The game lasted 00:13:31 (8108 turns).

grindst0ne the Ducker (Gnoll Wanderer)              Turns: 8108, Time: 00:13:32

Health: 0/71       AC:  8    Str: 19    XL:     9   Next: 88%
Magic:  15/15      EV: 14    Int: 16    God:    Cheibriados [*.....]
Gold:   430        SH:  0    Dex: 21    Spells: 17/17 levels left

rFire    . . .     SeeInvis .   M - +3 trident "Jyraps" {drain, rElec MR+} (curse)
rCold    . . .     Gourm    .   (no shield)
rNeg     . . .     Faith    +   y - +2 leather armour {rPois}
rPois    +         Spirit   .   s - +0 helmet
rElec    +         Reflect  .   (no cloak)
rCorr    .         Harm     .   E - +0 pair of gloves
MR       +....                  D - +0 pair of boots
Stlth    ++........             g - amulet of faith
HPRegen  0.21/turn              (no ring)
MPRegen  0.14/turn              (no ring)

@: heavily drained, very slow
A: distributed training, fangs 1, strong nose
a: Bend Time, Renounce Religion


You were on level 8 of the Dungeon.
You worshipped Cheibriados.
Cheibriados was aware of your devotion.
You were hungry.

You visited 2 branches of the dungeon, and saw 9 of its levels.

You collected 430 gold pieces.

Inventory:

Hand Weapons
 a - a +2 spear
 b - a +0 quarterstaff
 v - a +2 dagger of venom
 M - the cursed +3 trident "Jyraps" (weapon) {drain, rElec MR+}
   (You found it on level 8 of the Dungeon)

   A truly terrible weapon, it drains the life of those it strikes.
   It insulates you from electricity.
   It affects your resistance to hostile enchantments.
   It has a curse placed upon it.
Missiles
 r - 3 atropa-tipped darts (quivered)
 B - 6 javelins
 F - 6 datura-tipped darts
 J - a throwing net
Armour
 d - a +0 robe
 o - a +0 scale mail
 s - a +0 helmet (worn)
 y - a +2 leather armour of poison resistance (worn)
 D - a +0 pair of boots (worn)
 E - a +0 pair of gloves (worn)
 L - a +0 robe
Jewellery
 g - an amulet of faith (around neck)
 G - a +2 amulet of reflection {unknown}
 K - an uncursed ring of protection from cold {unknown}
Wands
 c - a wand of random effects (13)
 q - a wand of flame (14)
 A - a wand of digging (4)
 I - a wand of polymorph (11)
Scrolls
 j - a scroll of fog
 t - 2 scrolls of teleportation
 w - a scroll of magic mapping
 x - 3 scrolls of enchant weapon
 H - 3 scrolls of enchant armour {unknown}
Potions
 e - a potion of ambrosia {unknown}
 h - 3 potions of agility
 i - a potion of heal wounds
 k - a potion of flight
 l - a potion of brilliance {unknown}
 m - 2 potions of lignification
 n - 3 potions of berserk rage
 p - 4 potions of curing
 u - a potion of cancellation
 z - a potion of degeneration {unknown}
 C - a potion of haste
Comestibles
 f - 10 rations


   Skills:
 + Level 6.5(3.7) Fighting
 + Level 4.5(1.9) Short Blades
 + Level 4.5(1.9) Long Blades
 + Level 4.5(1.9) Axes
 + Level 4.5(1.9) Maces & Flails
 + Level 4.5(1.9) Polearms
 + Level 4.5(1.9) Staves
 + Level 4.5(1.9) Slings
 + Level 4.5(1.9) Bows
 + Level 4.5(1.9) Crossbows
 + Level 4.5(1.9) Throwing
 + Level 4.5(1.9) Armour
 + Level 6.5(3.7) Dodging
 + Level 5.2(2.5) Stealth
 + Level 5.3(2.6) Shields
 + Level 4.5(1.9) Unarmed Combat
 + Level 4.5(1.9) Spellcasting
 + Level 3.8(1.2) Conjurations
 + Level 4.4(1.7) Hexes
 + Level 3.8(1.2) Charms
 + Level 3.8(1.2) Summonings
 + Level 3.8(1.2) Necromancy
 + Level 5.4(2.7) Translocations
 + Level 3.8(1.2) Transmutations
 + Level 3.8(1.2) Fire Magic
 + Level 3.8(1.2) Ice Magic
 + Level 3.8(1.2) Air Magic
 + Level 3.8(1.2) Earth Magic
 + Level 3.8(1.2) Poison Magic
 + Level 5.0(2.3) Invocations
 + Level 5.3(2.6) Evocations


You had 17 spell levels left.
You didn't know any spells.
Your spell library contained the following spells:

 Spells                   Type           Power        Failure   Level  Hunger
 Apportation              Tloc           ##....       9%          1    #......
 Confusing Touch          Hex            #.....       12%         1    #......
 Animate Skeleton         Necr           N/A          16%         1    #......
 Summon Small Mammal      Summ           #...         16%         1    #......


Dungeon Overview and Level Annotations

Branches:
Dungeon (8/15)             Temple (1/1) D:7
   Lair: D:8-11

Altars:
Ashenzari
Cheibriados
Dithmenos
Elyvilon
Fedhas
Gozag
Hepliaklqana
Kikubaaqudgha
Makhleb
Nemelex Xobeh
Okawaru
Qazlal
Ru
Sif Muna
Trog
Uskayaw
Vehumet
Xom
Yredelemnul
Zin
The Shining One
Beogh

Shops:
D:7 }

Annotations:
D:6 3 runed translucent doors, Esos's ghost, novice DgIE
D:7 2 transporters, Daviar's ghost, novice FeEE


Innate Abilities, Weirdness & Mutations

Your experience applies equally to all skills.
You have very sharp teeth.
Your uncanny sense of smell can sniff out nearby items.


Message History

You closely miss the wight.
The wight is severely damaged.
The wight barely misses you.
The wight hits you with a +1 hand axe of freezing.
* * * LOW HITPOINT WARNING * * *
The wight freezes you.
* * * LOW HITPOINT WARNING * * *
You fail to use your ability.
The wight hits you from afar with a +5 halberd.
* * * LOW HITPOINT WARNING * * *
You feel drained. The wight completely misses you.
You closely miss the wight. You bite the wight, but do no damage.
The wight is severely damaged.
The wight closely misses you. x2
You hit the wight. Your bite misses the wight.
The wight is severely damaged.
The wight hits you from afar with a +5 halberd!
* * * LOW HITPOINT WARNING * * *
The wight hits you with a +1 hand axe of freezing!
You die...

##...###.#########.##.##.....#.#
##.#.###..zz...?...##.##.#.###.#
...#...#..###########.##.#.# #.#
.#####....# #.##.#.###.# ..
#......# #..........#
##.#.##...# ####.#.##### # ...
#...# #.#.# ##.
....##############.#.# ##
##......zzz@..........#
...################## #.##


You could see 3 wights.

Vanquished Creatures
  Prince Ribbit (D:5)
  3 hippogriffs
  2 orc warriors
  2 sky beasts
  A black bear (D:7)
  An ice beast (D:7)
  A phantom (D:4)
  5 ogres
  2 centaurs
  A crocodile (D:8)
  4 bullfrogs
  A scorpion (D:6)
  2 wights (D:8)
  A howler monkey (D:6)
  A crimson imp (D:5)
  2 hounds
  2 orc priests
  A gnoll shaman (D:6)
  A jelly (D:5)
  Jessica (D:3)
  A worker ant (D:8)
  3 orc wizards
  6 gnolls
  7 adders
  A shadow imp (D:6)
  An ooze (D:2)
  An adder skeleton (D:7)
  3 worms
  A dart slug (D:3)
  5 leopard geckos
  42 orcs
  7 giant cockroaches
  5 goblins
  6 hobgoblins
  10 jackals
  A quokka (D:4)
  3 ball pythons
  6 bats
  9 frilled lizards
  4 kobolds
  4 rats
161 creatures vanquished.

Notes
Turn   | Place    | Note
-------+----------+-------------------------------------------
     0 | D:1      | grindst0ne the Gnoll Wanderer began the quest for the Orb.
     0 | D:1      | grindst0ne set off with the following items: a +2 spear, a
                  | +0 quarterstaff, a wand of random effects (15), a +0 robe,
                  | a ration
     0 | D:1      | Reached XP level 1. HP: 20/20 MP: 2/2
    13 | D:1      | Reached XP level 2. HP: 8/26 MP: 3/3
   442 | D:1      | Reached XP level 3. HP: 27/31 MP: 4/4
  1142 | D:2      | Found a glowing silver altar of Zin.
  1142 | D:2      | Found an opulent altar of Gozag.
  1258 | D:2      | Found a shattered altar of Ashenzari.
  1264 | D:2      | Reached skill level 1 in Invocations
  1280 | D:2      | Found a bloodstained altar of Trog.
  1343 | D:2      | Reached skill level 1 in Short Blades
  1343 | D:2      | Reached skill level 1 in Long Blades
  1343 | D:2      | Reached skill level 1 in Axes
  1343 | D:2      | Reached skill level 1 in Maces & Flails
  1343 | D:2      | Reached skill level 1 in Polearms
  1343 | D:2      | Reached skill level 1 in Staves
  1343 | D:2      | Reached skill level 1 in Slings
  1343 | D:2      | Reached skill level 1 in Bows
  1343 | D:2      | Reached skill level 1 in Crossbows
  1343 | D:2      | Reached skill level 1 in Throwing
  1343 | D:2      | Reached skill level 1 in Armour
  1343 | D:2      | Reached skill level 1 in Unarmed Combat
  1343 | D:2      | Reached skill level 1 in Spellcasting
  1499 | D:2      | Reached XP level 4. HP: 26/38 MP: 6/6
  2031 | D:3      | Reached skill level 1 in Conjurations
  2031 | D:3      | Reached skill level 1 in Charms
  2031 | D:3      | Reached skill level 1 in Summonings
  2031 | D:3      | Reached skill level 1 in Necromancy
  2031 | D:3      | Reached skill level 1 in Transmutations
  2031 | D:3      | Reached skill level 1 in Fire Magic
  2031 | D:3      | Reached skill level 1 in Ice Magic
  2031 | D:3      | Reached skill level 1 in Air Magic
  2031 | D:3      | Reached skill level 1 in Earth Magic
  2031 | D:3      | Reached skill level 1 in Poison Magic
  2076 | D:3      | Found a faded altar of an unknown god.
  2127 | D:3      | Reached XP level 5. HP: 39/43 MP: 7/7
  2421 | D:3      | Found a shadowy altar of Dithmenos.
  2434 | D:3      | Noticed Jessica
  2442 | D:3      | Killed Jessica
  2856 | D:4      | Noticed an ogre
  2866 | D:4      | Killed an ogre
  2866 | D:4      | Reached XP level 6. HP: 27/50 MP: 8/8
  3027 | D:4      | Reached skill level 5 in Fighting
  3027 | D:4      | Reached skill level 5 in Dodging
  3243 | D:4      | Noticed a sky beast
  3263 | D:4      | Killed a sky beast
  3263 | D:4      | Reached XP level 7. HP: 41/56 MP: 10/10
  3973 | D:5      | Entered Level 5 of the Dungeon
  4333 | D:5      | Found a basalt altar of Yredelemnul.
  4335 | D:5      | Found a burning altar of Makhleb.
  4336 | D:5      | Found a shimmering blue altar of Sif Muna.
  4845 | D:5      | Noticed Prince Ribbit
  4910 | D:5      | Killed Prince Ribbit
  4910 | D:5      | Reached XP level 8. HP: 24/63 MP: 12/12
  5400 | D:6      | Found a white marble altar of Elyvilon.
  5539 | D:6      | Found a stormy altar of Qazlal.
  5634 | D:6      | Found a shattered altar of Ashenzari.
  5753 | D:6      | Found a runed translucent gate.
  5770 | D:6      | Noticed Esos's ghost (novice DgIE)
  5771 | D:6      | Found a runed translucent gate.
  5772 | D:6      | Identified the cursed +1 halberd of Ash {venom, MR+ Str+4}
  5772 | D:6      | Identified the cursed +0 plate armour "Iladdemn" {rC+ rN+
                  | rCorr Dex-5}
  5772 | D:6      | Found a runed translucent gate.
  5772 | D:6      | Found a roughly hewn altar of Beogh.
  6083 | D:7      | Noticed a hippogriff
  6093 | D:7      | Killed a hippogriff
  6458 | D:7      | Reached XP level 9. HP: 48/69 MP: 14/14
  6557 | D:7      | Reached skill level 5 in Translocations
  6576 | D:7      | Found a transporter.
  6576 | D:7      | Noticed Daviar's ghost (novice FeEE)
  6587 | D:7      | Found a transporter.
  6600 | D:7      | Found a shimmering blue altar of Sif Muna.
  6637 | D:7      | Found a staircase to the Ecumenical Temple.
  6676 | Temple   | Entered the Ecumenical Temple
  6705 | Temple   | Became a worshipper of Cheibriados the Contemplative
  6857 | D:7      | Found Bouchun's Gadget Shoppe.
  6885 | D:7      | Reached skill level 5 in Shields
  6885 | D:7      | Reached skill level 5 in Evocations
  7399 | D:8      | Reached skill level 5 in Stealth
  7503 | D:8      | Reached * piety under Cheibriados
  7527 | D:8      | Reached skill level 5 in Invocations
  7769 | D:8      | Got a shimmering trident
  7770 | D:8      | Identified the cursed +3 trident "Jyraps" {drain, rElec
                  | MR+} (You found it on level 8 of the Dungeon)
  7776 | D:8      | HP: 2/71 [wight/+4 hand axe (7)]
  7795 | D:8      | HP: 1/71 [crocodile (10)]
  8108 | D:8      | Slain by a wight

Levels and vault maps discovered:
D:1:      dpeg_arrival_court, layout_loops_ring
D:2:      layout_basic, grunt_temple_overflow_gold_and_silver,
          grunt_temple_overflow_open, first_ration
D:3:      layout_loops_ring, old_standard_altar,
          chequers_ecumenical_altar_grove, uniq_jessica
D:4:      layout_loops_ring, grunt_decor_fettered,
          minmay_misc_feat_secret_circle
D:5:      layout_loops_corners, chequers_temple_overflow_statue_of_worship,
          uniq_prince_ribbit1
D:6:      layout_layer_cave, grunt_qazlal_clouds, lemuel_doored_altar,
          biasface_ghost_orc_armoury, ashenzari_altar_1
D:7:      layout_rooms, minmay_temple_entry_hall, serial_shops, shop,
          basic_altar, gammafunk_ghost_arena
D:8:      layout_loops_ring, lair_entry_dummy, uniq_harold
Temple:   minmay_temple_bridge_abc

Skill      XL: |  1  2  3  4  5  6  7  8  9 |
---------------+----------------------------+-----
Hexes          | 2 3 4 |  4.4
Invocations    | 1 2 3 4 5 |  5.0
Short Blades   | 1 2 3 4 |  4.5
Long Blades    | 1 2 3 4 |  4.5
Axes           | 1 2 3 4 |  4.5
Maces & Flails | 1 2 3 4 |  4.5
Polearms       | 1 2 3 4 |  4.5
Staves         | 1 2 3 4 |  4.5
Slings         | 1 2 3 4 |  4.5
Bows           | 1 2 3 4 |  4.5
Crossbows      | 1 2 3 4 |  4.5
Throwing       | 1 2 3 4 |  4.5
Armour         | 1 2 3 4 |  4.5
Unarmed Combat | 1 2 3 4 |  4.5
Spellcasting   | 1 2 3 4 |  4.5
Conjurations   | 1 2 3 |  3.8
Charms         | 1 2 3 |  3.8
Summonings     | 1 2 3 |  3.8
Necromancy     | 1 2 3 |  3.8
Transmutations | 1 2 3 |  3.8
Fire Magic     | 1 2 3 |  3.8
Ice Magic      | 1 2 3 |  3.8
Air Magic      | 1 2 3 |  3.8
Earth Magic    | 1 2 3 |  3.8
Poison Magic   | 1 2 3 |  3.8
Shields        | 3 4 5 |  5.3
Evocations     | 3 4 5 |  5.3
Translocations | 4 5 |  5.4
Stealth        | 3 4 5 |  5.2
Fighting       | 5 6 |  6.5
Dodging        | 5 6 |  6.5

Action                   |  1- 3 |  4- 6 |  7- 9 || total
-------------------------+-------+-------+-------++-------
Melee: Spear             |    97 |    13 |       ||   110
       Bite              |     8 |    20 |    48 ||    76
       Dagger            |       |   204 |   320 ||   524
       Punch             |       |     1 |     7 ||     8
       Trident           |       |       |    42 ||    42
Throw: Dart              |       |     1 |       ||     1
Evoke: Wand              |       |       |     2 ||     2
  Use: Scroll            |       |     8 |     6 ||    14
       Potion            |       |     1 |     2 ||     3
 Stab: Sleeping          |     6 |     3 |     9 ||    18
  Eat: Chunk             |     2 |     6 |    14 ||    22
Armor: Robe              |     5 |       |       ||     5
       Scale mail        |    10 |    48 |       ||    58
       Leather armour    |       |    13 |    93 ||   106
Dodge: Dodged            |    51 |   114 |   276 ||   441
